 Dungeon Crawl Stone Soup version 0.19.5 (webtiles) character file.

225 Peloso the Slasher (level 5, -17/41 HPs)
             Began as a Minotaur Fighter on Mar 11, 2017.
             Demolished by an ogre
             ... wielding a +0 giant club
              (24 damage)
             ... on level 4 of the Dungeon.
             The game lasted 00:04:17 (1486 turns).

Peloso the Slasher (Minotaur Fighter)               Turns: 1486, Time: 00:04:17

Health: -17/41     AC: 12    Str: 20 (21) XL:     5   Next: 68%
Magic:  4/4        EV:  4    Int:  5      God:
Gold:   122        SH:  9    Dex: 10      Spells: 0 memorised, 4 levels left

rFire  . . .     SeeInvis .     a - +0 long sword
rCold  . . .     Gourm    .     h - +0 plate armour
rNeg   . . .     Faith    .     c - +0 shield
rPois  .         Spirit   .     (helmet restricted)
rElec  .         Reflect  .     (no cloak)
rCorr  .         Harm     .     (no gloves)
MR     .....     Rnd*Rage +     (no boots)
Stlth  ..........               (no amulet)
                                (no ring)
                                (no ring)

@: no status effects
A: retaliatory headbutt, horns 2, berserk 1, frail 1, slow regeneration 1
a: no special abilities


You were on level 4 of the Dungeon.
You were not hungry.

You visited 1 branch of the dungeon, and saw 4 of its levels.

You collected 122 gold pieces.

Inventory:

Hand Weapons
 a - a +0 long sword (weapon)
Armour
 c - a +0 shield (worn)
 h - a +0 plate armour (worn)
Jewellery
 d - an uncursed ring of flight {unknown}
Scrolls
 g - a scroll of immolation {unknown}
 j - 2 scrolls of identify {unknown}
 k - a scroll of enchant armour {unknown}
 m - a scroll of fog {unknown}
Potions
 i - a potion of brilliance
Books
 e - a book of Minor Magic

   Spells                             Type                      Level
   a - Magic Dart                     Conjuration                  1
   b - Blink                          Translocation                2
   c - Call Imp                       Summoning                    2
   d - Repel Missiles                 Charms/Air                   2
   e - Slow                           Hexes                        2
   f - Conjure Flame                  Conjuration/Fire             3
   g - Mephitic Cloud                 Conjuration/Poison/Air       3
Comestibles
 b - 3 meat rations
 f - 2 bread rations


   Skills:
 + Level 4.2 Fighting
 + Level 4.8 Long Blades
 + Level 4.8 Armour
 + Level 1.0 Dodging
 + Level 4.8 Shields


You had 4 spell levels left.
You didn't know any spells.

Dungeon Overview and Level Annotations

Branches:
Dungeon (4/15)
 Temple: D:4-7

Altars:

Annotations:
D:4 Robin


Innate Abilities, Weirdness & Mutations

You reflexively headbutt those who attack you in melee.
You have a pair of horns on your head.
You tend to lose your temper in combat.
You are frail. (-10% HP)
You regenerate slowly when monsters are visible.


Message History

You hit the ogre but do no damage. You block the phantom's attack.
The ogre hits you with a giant club!
The phantom hits you but does no damage.
You slash the ogre! Your headbutt misses the ogre.
The ogre is heavily wounded.
The ogre hits you with a giant club!
* * * LOW HITPOINT WARNING * * *
The phantom blinks!
You hit the ogre. Your headbutt misses the ogre.
The ogre is heavily wounded.
The ogre hits you with a giant club.
* * * LOW HITPOINT WARNING * * *
The phantom blinks!
The hobgoblin hits you but does no damage.
You hit the ogre.
The ogre is heavily wounded.
The hobgoblin no longer looks unusually strong.
The ogre hits you with a giant club!!
Ouch! That really hurt!
You die...

g. g# #l ..
g. gg #g a# #
#. g# ... #.
.#
.....#.####g#
.$....WwO@gg#
###..########
#


You could see a phantom, an ogre, a worm, Robin and 2 hobgoblins.

Vanquished Creatures
  The ghost of Peloso the Shield-Bearer, an amateur MiFi (D:3)
  A howler monkey (D:3)
  Ijyb (D:3)
  2 adders
  A worm (D:3)
  A dart slug (D:1)
  5 leopard geckos
  2 ball pythons
  A giant cockroach (D:3)
  7 goblins
  2 hobgoblins (D:2)
  A quokka (D:3)
  6 bats
  4 frilled lizards
  8 kobolds
  9 rats
52 creatures vanquished.

Notes
Turn   | Place    | Note
-------+----------+-------------------------------------------
     0 | D:1      | Peloso the Minotaur Fighter began the quest for the Orb.
     0 | D:1      | Reached XP level 1. HP: 19/19 MP: 0/0
   135 | D:1      | Reached XP level 2. HP: 26/27 MP: 1/1
   487 | D:2      | Reached XP level 3. HP: 26/33 MP: 2/2
   883 | D:2      | Gained mutation: You tend to lose your temper in combat. [potion of mutation]
   883 | D:2      | Gained mutation: You are frail. (-10% HP) [potion of mutation]
   883 | D:2      | Gained mutation: You regenerate slowly when monsters are visible. [potion of mutation]
  1033 | D:3      | Reached XP level 4. HP: 36/36 MP: 3/3
  1114 | D:3      | Noticed Ijyb
  1124 | D:3      | Killed Ijyb
  1124 | D:3      | Reached skill level 1 in Dodging
  1212 | D:3      | Noticed Peloso's ghost (amateur MiFi)
  1223 | D:3      | Killed Peloso's ghost
  1223 | D:3      | Reached XP level 5. HP: 28/41 MP: 4/4
  1466 | D:4      | Noticed a phantom
  1469 | D:4      | Noticed an ogre
  1474 | D:4      | Noticed Robin
  1486 | D:4      | Demolished by an ogre

Skill      XL: |  1  2  3  4 |
---------------+-------------+-----
Armour         | 4 |  4.8
Shields        | 4 |  4.8
Long Blades    | 3 4 |  4.8
Fighting       | 4 |  4.2
Dodging        | 1 |  1.0

Action                   |  1- 3 |  4- 6 || total
-------------------------+-------+-------++-------
Melee: Long sword        |   106 |    50 ||   156
       Headbutt          |    14 |    15 ||    29
  Use: Potion            |     5 |     1 ||     6
  Eat: Chunk             |       |     2 ||     2
Armor: Scale mail        |    34 |       ||    34
       Plate armour      |    44 |    35 ||    79
Dodge: Dodged            |    33 |     7 ||    40
Block: Shield            |    70 |    29 ||    99
       Rpst.: Long sword |    14 |     2 ||    16
